AoeStats
← NuMa | Gacha

Nomad

510340237Analyzed
2v2 RM · 3d ago on Sep 30, 2026· 58m 8s· 4 players
Game mode
Random Map
Map size
176×176
Population
200
Speed
Normal
Resources
Standard
Victory
Conquest
Starting age
Dark Age
Ending age
Imperial Age
RankedLock teamsTeams togetherTeam positionsShared explorationLock speedFull tech treeHidden civsTurbo modeCheats
Victory
Defeat
🇪🇸 Tupi · Spain
1222
+14
🇹🇼 Berbers · Taiwan
1151
+17
🇨🇴 Persians · Colombia
1246
-18
🇨🇴 Koreans · Colombia
1103
-13
Glenn車車
3:52 Loom
13:10 Feudal Age
13:46 Double-Bit Axe
19:28 Castle Age
17:51 Stone Mining
18:45 Horse Collar
20:44 Bow Saw
21:55 Heavy Plow
22:07 Bow Saw
22:35 Scale Barding Armor
25:20 Husbandry
26:59 Chain Barding Armor
27:16 Gold Mining
29:32 Wheelbarrow
30:00 Bloodlines
31:35 Gold Shaft Mining
31:26 Pikeman
35:45 Imperial Age
33:33 Hand Cart
34:10 Forging
35:40 Iron Casting
36:33 Ballistics
37:40 Plate Barding Armor
37:00 Cavalier
39:53 Blast Furnace
39:54 Conscription
39:27 Fletching
40:47 Chemistry
39:47 Heavy Camel Rider
41:33 Bodkin Arrow
43:40 Light Cavalry
45:17 Crop Rotation
45:27 Kasbah
46:25 Town Watch
47:53 Town Patrol
47:55 Bracer
47:53 Murder Holes
47:38 Treadmill Crane
49:31 Hussar
50:13 Padded Archer Armor
50:26 Masonry
50:25 Thumb Ring
50:44 Maghrebi Camels
51:10 Leather Archer Armor
51:43 Caravan
53:33 Elite Camel Archer
55:39 Ring Archer Armor
56:25 Scale Mail Armor
Bonjons
4:17 Loom
4:38 Loom
13:03 Feudal Age
16:46 Castle Age
14:54 Fletching
16:03 Double-Bit Axe
16:11 Gold Mining
18:49 Bow Saw
19:17 Gold Shaft Mining
22:08 Bodkin Arrow
23:38 Padded Archer Armor
24:43 Ballistics
25:58 Leather Archer Armor
29:40 Wheelbarrow
32:51 Imperial Age
33:57 Conscription
35:27 Bracer
34:49 Champi Runner
35:29 Squires
35:15 Arson
38:09 Two-Man Saw
36:50 Horse Collar
36:41 Champi Warrior
38:18 Elite Champi Warrior
40:08 Scale Mail Armor
40:14 Elite Blackwood Archer
42:59 Caciques
43:14 Hand Cart
42:47 Town Watch
44:21 Chain Mail Armor
45:35 Town Patrol
50:10 Caravan
52:48 Ring Archer Armor
52:49 Plate Mail Armor
52:30 Forging
53:33 Onager
NuMa | Gacha
4:09 Loom
14:38 Feudal Age
19:47 Castle Age
17:48 Double-Bit Axe
18:58 Stone Mining
19:25 Gold Mining
20:54 Bow Saw
23:08 Fletching
24:24 Stone Shaft Mining
35:55 Bodkin Arrow
40:41 Imperial Age
39:56 Ballistics
40:02 Husbandry
41:22 Scale Barding Armor
41:28 Forging
41:48 Conscription
42:48 Chemistry
42:20 Elite War Wagon
44:14 Wheelbarrow
46:42 Iron Casting
46:28 Chain Barding Armor
47:38 Bracer
49:43 Hand Cart
56:11 Siege Engineers
57:12 Elite Fire Lancer
NuMa | Jomaro
12:52 Loom
15:21 Feudal Age
19:59 Castle Age
18:30 Gold Mining
18:33 Stone Mining
19:44 Double-Bit Axe
20:00 Fishing Lines
21:27 Bow Saw
21:57 Stone Shaft Mining
22:00 Gold Shaft Mining
22:58 Scale Barding Armor
23:04 Forging
24:20 Chain Barding Armor
24:09 Husbandry
24:30 Bloodlines
26:41 Iron Casting
47:04 Wheelbarrow
46:13 Horse Collar
Connection lost

Rejoining the realm…

Still unreachable

The connection could not be restored.

Session expired

The server has moved on; the page needs a fresh start.